 Dungeon Crawl Stone Soup version 0.17.1-2-g5865329 (webtiles) character file.

1267 simpaon the Grappler (level 8, -2/67 HPs)
             Began as a Troll Necromancer on Jan 22, 2016.
             Was a Believer of Okawaru.
             Killed by divine providence
             ... invoked by an orc priest
              (12 damage)
             ... on level 6 of the Dungeon on Jan 28, 2016.
             The game lasted 00:09:32 (4179 turns).

simpaon the Grappler (Troll Necromancer)            Turns: 4179, Time: 00:09:32

Health: -2/67      AC:  7    Str: 19    XL:     8   Next: 28%
Magic:  8/8        EV:  9    Int: 11    God:    Okawaru [**....]
Gold:   218        SH:  0    Dex: 10    Spells: 1 memorised, 8 levels left

rFire  . . .     SeeInvis .       - Unarmed
rCold  . . .     Clarity  .     a - +0 robe
rNeg   . . .     SustAt   .     (no shield)
rPois  +         Gourm    +     (helmet restricted)
rElec  .         Spirit   .     g - +1 cloak
rCorr  .         Warding  .     (gloves unavailable)
rMut   .         Stasis   .     (boots unavailable)
MR     .....                    (no amulet)
Stlth  ..........               r - ring of poison resistance
                                x - ring of loudness (curse)

@: not resistant to hostile enchantments, extremely unstealthy
A: unfitting armour, claws 3, fast metabolism 3, gourmand, regeneration 2,
shaggy fur 1, tough skin 2
a: Heroism, Renounce Religion


You were on level 6 of the Dungeon.
You worshipped Okawaru.
Okawaru was pleased with you.
You were not hungry.

You visited 1 branch of the dungeon, and saw 6 of its levels.

You collected 218 gold pieces.

Inventory:

Missiles
 j - 8 tomahawks of returning
 A - 4 large rocks (quivered)
Armour
 a - a +0 robe (worn)
 g - a +1 cloak (worn)
Jewellery
 e - an uncursed ring of flight
 r - a ring of poison resistance (right claw)
 x - a cursed ring of loudness (left claw)
Wands
 i - a wand of confusion (2)
 y - a wand of digging (14)
Scrolls
 p - 3 scrolls of blinking
 w - 2 scrolls of identify
 C - a scroll of teleportation
 E - a scroll of enchant weapon {unknown}
Potions
 f - 4 potions of degeneration
 h - a potion of cancellation {unknown}
 k - 3 potions of curing
 m - 2 potions of lignification
 n - a potion of haste {unknown}
 q - a potion of resistance {unknown}
 s - a potion of heal wounds {unknown}
 t - a potion of poison {unknown}
 v - 2 potions of agility {unknown}
 z - a potion of flight {unknown}
Books
 b - a book of Necromancy

   Spells                             Type                      Level
   a - Pain                           Necromancy                   1
   b - Animate Skeleton               Necromancy                   1
   c - Vampiric Draining              Necromancy                   3
   d - Regeneration                   Charms/Necromancy            3
   e - Animate Dead                   Necromancy                   4
   f - Control Undead                 Necromancy                   4
 D - a book of Callings

   Spells                             Type                      Level
   a - Summon Small Mammal            Summoning                    1
   b - Call Imp                       Summoning                    2
   c - Call Canine Familiar           Summoning                    3
   d - Summon Guardian Golem          Hexes/Summoning              3
   e - Summon Lightning Spire         Summoning/Air                4
   f - Summon Ice Beast               Ice/Summoning                4
Comestibles
 c - 7 bread rations
 d - 2 fruits
 l - a beef jerky
 o - a royal jelly
 u - a slice of pizza
 B - a meat ration


   Skills:
 - Level 1.5 Dodging
 - Level 1.1 Stealth
 + Level 10.0 Unarmed Combat
 - Level 1.2 Spellcasting
 - Level 3.2 Necromancy


You had 8 spell levels left.
You knew the following spells:

 Your Spells              Type           Power        Failure   Level  Hunger
a - Pain                  Necr           #...         10%         1    ##.....


Dungeon Overview and Level Annotations

Branches:
Dungeon (6/15)
 Temple: D:4-7

Altars:
Fedhas
Makhleb
Okawaru
Qazlal
Xom

Portals:
Ossuary: D:6

Annotations:
D:6 kraktruk's ghost, novice DsWz


Innate Abilities, Weirdness & Mutations

You are too large for most types of armour.
You have claws for hands.
Your metabolism is lightning-fast.
You like to eat raw meat.
You heal very quickly.
You are covered in fur (AC +1).
You have very tough skin (AC +2).


Message History

Kraktruk's ghost mumbles some strange words.
Kraktruk's ghost blinks!
The orc priest miscasts a cantrip.
Found a war axe.
You closely miss the orc warrior. The orc hits you but does no damage.
The orc warrior hits you with an enchanted halberd!
You closely miss the orc warrior. The orc barely misses you.
You scratch the orc warrior but do no damage.
The orc warrior hits you with an enchanted halberd!
The orc barely misses you.
You scratch the orc warrior but do no damage.
Kraktruk's ghost gestures wildly while chanting.
Kraktruk's ghost blinks!
The orc barely misses you.
The orc warrior hits you with an enchanted halberd!!
* * * LOW HITPOINT WARNING * * *
Things that are here:
a trident; 2 chunks of flesh; an orc skeleton The orc priest mumbles some strange prayers to Beogh against you.
Something smites you!
You die...

#..# ##.# #.##
##.# #.## #..#
##.## #..##
###@### #.
#...## ##...
#..o.####...#
+....#.o......#
⌠########....###
###o.##
###.....##
#..###.)......#
......oo#####..#


You could see an orc warrior, an orc priest and an orc.

Vanquished Creatures
  Eustachio (D:5)
  A water moccasin (D:5)
  The ghost of emiel the Cudgeler, an amateur OgAM (D:4)
  An ogre (D:4)
  A sky beast (D:5)
  A scorpion (D:4)
  A crimson imp (D:2)
  4 hounds
  A giant frog zombie (D:6)
  A jelly (D:5)
  An orc priest (D:6)
  A quasit (D:5)
  5 orc wizards
  2 worker ants
  An iguana (D:4)
  A worker ant zombie (D:5)
  9 adders
  3 gnolls (D:4)
  An ooze (D:4)
  An adder zombie (D:5)
  A worm (D:2)
  4 giant geckos
  19 orcs
  A ball python (D:3)
  5 bats (D:1)
  4 giant cockroaches
  9 goblins
  10 hobgoblins
  11 jackals
  5 kobolds
  2 quokkas
  4 giant newts
  A quokka skeleton (D:4)
  A quokka zombie (D:5)
  10 rats
125 creatures vanquished.

Notes
Turn   | Place    | Note
--------------------------------------------------------------
     0 | D:1      | simpaon the Troll Necromancer began the quest for the Orb.
     0 | D:1      | Reached XP level 1. HP: 16/16 MP: 1/1
    80 | D:1      | Reached skill level 1 in Unarmed Combat
   162 | D:1      | Reached XP level 2. HP: 21/24 MP: 2/2
   576 | D:1      | Reached XP level 3. HP: 28/31 MP: 3/3
  1016 | D:2      | Found an iron altar of Okawaru.
  1023 | D:2      | Became a worshipper of Warmaster Okawaru
  1088 | D:2      | Found a blossoming altar of Fedhas.
  1173 | D:2      | Found a burning altar of Makhleb.
  1198 | D:2      | Reached XP level 4. HP: 37/39 MP: 4/4
  1232 | D:2      | Reached skill level 4 in Unarmed Combat
  1510 | D:2      | Found a shimmering altar of Xom.
  1510 | D:2      | Found a shimmering altar of Xom.
  1511 | D:2      | Found a shimmering altar of Xom.
  1511 | D:2      | Found a shimmering altar of Xom.
  2013 | D:3      | Reached XP level 5. HP: 45/45 MP: 5/5
  2360 | D:3      | Found a stormy altar of Qazlal.
  2435 | D:3      | Reached skill level 5 in Unarmed Combat
  2735 | D:4      | Noticed an ogre
  2749 | D:4      | Killed an ogre
  2810 | D:4      | Reached XP level 6. HP: 53/53 MP: 6/6
  2818 | D:4      | Reached skill level 6 in Unarmed Combat
  2852 | D:4      | Reached * piety under Okawaru
  2868 | D:4      | Noticed emiel's ghost (amateur OgAM)
  2894 | D:4      | Killed emiel's ghost
  2894 | D:4      | Reached skill level 7 in Unarmed Combat
  2894 | D:4      | Reached XP level 7. HP: 23/59 MP: 7/7
  3183 | D:4      | Noticed Eustachio
  3431 | D:5      | Entered Level 5 of the Dungeon
  3439 | D:5      | Reached skill level 8 in Unarmed Combat
  3556 | D:5      | Killed Eustachio
  3556 | D:5      | Reached ** piety under Okawaru
  3556 | D:5      | Reached skill level 9 in Unarmed Combat
  3586 | D:5      | Reached XP level 8. HP: 64/67 MP: 8/8
  4144 | D:6      | Noticed kraktruk's ghost (novice DsWz)
  4164 | D:6      | Found a sand-covered staircase.
  4165 | D:6      | Reached skill level 10 in Unarmed Combat
  4179 | D:6      | Killed from afar by an orc priest

Action                   |  1- 3 |  4- 6 |  7- 9 || total
-------------------------+-------+-------+-------++-------
Melee: Unarmed           |   115 |   157 |   138 ||   410
Throw: Tomahawk          |       |     5 |       ||     5
       Large rock        |       |       |     1 ||     1
  Use: Scroll            |       |     6 |     2 ||     8
 Stab: Sleeping          |     1 |     1 |       ||     2
  Eat: Chunk             |    16 |    13 |    10 ||    39
